 Dungeon Crawl Stone Soup version 0.23.1 (webtiles) character file.

Game seed: 7308651640480689089

311 esteth the Firebug (level 6, -9/32 HPs)
             Began as a Deep Elf Fire Elementalist on Mar 10, 2019.
             Killed by divine providence
             ... invoked by an orc priest
              (14 damage)
             ... on level 4 of the Dungeon.
             The game lasted 00:07:21 (3347 turns).

esteth the Firebug (Deep Elf Fire Elementalist)     Turns: 3347, Time: 00:07:22

Health: -9/32      AC:  4    Str: 13    XL:     6   Next: 18%
Magic:  12/12      EV: 13    Int: 22    God:
Gold:   158        SH:  0    Dex: 15    Spells: 1/11 levels left

rFire    . . .     SeeInvis .   v - +10 flail "Fyapevoq" {freeze, Str+3}
rCold    . . .     Gourm    .   (no shield)
rNeg     . . .     Faith    .   a - +0 robe
rPois    .         Spirit   .   (no helmet)
rElec    .         Reflect  .   (no cloak)
rCorr    .         Harm     .   r - +0 pair of gloves
MR       .....                  d - +0 pair of boots
Stlth    ++........             (no amulet)
HPRegen  0.10/turn              l - +5 ring of strength
MPRegen  0.13/turn              (no ring)

@: no status effects
A: no striking features
a: no special abilities


You were on level 4 of the Dungeon.
You were hungry.

You visited 1 branch of the dungeon, and saw 4 of its levels.

You collected 158 gold pieces.

Inventory:

Hand Weapons
 n - a +0 trident
 v - the +10 flail "Fyapevoq" (weapon) {freeze, Str+3}
   (You found it on level 4 of the Dungeon)

   It has been specially enchanted to freeze those struck by it, causing extra
   injury to most foes and up to half again as much damage against particularly
   susceptible opponents.
   It can also slow down cold-blooded creatures.
   It affects your strength (+3).
Armour
 a - a +0 robe (worn)
 d - a +0 pair of boots (worn)
 r - a +0 pair of gloves (worn)
Jewellery
 l - a +5 ring of strength (left hand)
 u - an uncursed ring of protection from magic {unknown}
Scrolls
 k - a scroll of magic mapping
 m - a scroll of identify
 q - a scroll of enchant weapon {unknown}
Potions
 b - a potion of agility
 e - a potion of mutation {unknown}
 g - a potion of brilliance {unknown}
 h - a potion of curing
 i - a potion of magic
 p - a potion of degeneration {unknown}
 s - 3 potions of might {unknown}
 t - a potion of heal wounds {unknown}
Comestibles
 c - 4 rations


   Skills:
 - Level 2.4 Dodging
 - Level 2.4 Stealth
 - Level 3.0 Spellcasting
 + Level 4.8 Conjurations
 + Level 5.9 Fire Magic


You had one spell level left.
You knew the following spells:

 Your Spells              Type           Power        Failure   Level  Hunger
a - Flame Tongue          Conj/Fire      ####.        1%          1    None
b - Sticky Flame          Conj/Fire      ####....     14%         4    ####...
c - Fireball              Conj/Fire      ####......   36%         5    ######.

Your spell library contained the following spells:

 Spells                   Type           Power        Failure   Level  Hunger
 Throw Flame              Conj/Fire      ####..       1%          2    ##.....
 Conjure Flame            Conj/Fire      ####....     4%          3    ###....
 Inner Flame              Hex/Fire       ###.....     11%         3    ###....


Dungeon Overview and Level Annotations

Branches:
Dungeon (4/15)
 Temple: D:4-7

Altars:


Message History

Confirm with . or Enter, or press ? or * to list all spells.
Aiming: Flame Tongue (safe; 1% risk of failure)
Press: ? - help, Shift-Dir - straight line, f/p - orc priest
Aim: an orc priest, wielding a +0 mace and wearing a +0 leather armour The flame tongue misses the orc priest.
The orc hits you with a +0 club!
* * * LOW HITPOINT WARNING * * *
It was a potion of curing.
You feel better.
The orc priest calls down the wrath of Beogh upon you.
Beogh smites you!
* * * LOW HITPOINT WARNING * * *
It was a potion of magic.
Magic courses through your body.
As you read the scroll labeled KUSEHY YJOKA, it crumbles to dust.
The creatures around you are filled with an inner flame!
It was a scroll of immolation.
The orc barely misses you.
As you read the scroll labeled TURYTW GUKKI, it crumbles to dust.
You feel blessed for a moment.
It was a scroll of remove curse.
The orc closely misses you.
The orc priest calls down the wrath of Beogh upon you.
Beogh smites you!
You die...

#......# #.#... #......#
#.#.## #.###.## #.#.# #.
#.# #.#.## #.# #.#... # #.#
#.###. ####.###.# #.#...
........o#############.#.##
#...ooo@..........รท...(.
###################.#.#.
#......#<#. #.########. #.#
#. #.# #. #.# #. #.# #.
#.########.


You could see an orc priest (inner flame) and 3 orcs.

Vanquished Creatures
  A crimson imp (D:4)
  2 orc wizards (D:4)
  An iguana (D:4)
  Jessica (D:2)
  A worker ant (D:4)
  4 adders
  2 oozes (D:1)
  An adder skeleton (D:4)
  5 dart slugs
  7 leopard geckos
  6 orcs (D:4)
  7 bats
  3 giant cockroaches
  5 goblins
  7 hobgoblins
  6 jackals
  6 kobolds
  A quokka (D:2)
  A ball python (D:3)
  4 frilled lizards
  10 rats
81 creatures vanquished.

Notes
Turn   | Place    | Note
-------+----------+-------------------------------------------
     0 | D:1      | esteth the Deep Elf Fire Elementalist began the quest for
                  | the Orb.
     0 | D:1      | Reached XP level 1. HP: 10/10 MP: 6/6
     7 | D:1      | Reached XP level 2. HP: 15/15 MP: 2/8
   301 | D:1      | Reached skill level 4 in Fire Magic
   505 | D:1      | Reached XP level 3. HP: 19/19 MP: 7/9
  1007 | D:2      | Reached XP level 4. HP: 18/24 MP: 4/10
  1090 | D:2      | Learned a level 4 spell: Sticky Flame
  1111 | D:2      | Noticed Jessica
  1117 | D:2      | Killed Jessica
  1869 | D:3      | Reached skill level 5 in Fire Magic
  1957 | D:3      | Reached XP level 5. HP: 27/28 MP: 11/11
  1998 | D:3      | Learned a level 5 spell: Fireball
  3073 | D:4      | Reached XP level 6. HP: 31/32 MP: 3/12
  3219 | D:4      | Got a transparent flail
  3220 | D:4      | Identified the +10 flail "Fyapevoq" {freeze, Str+3} (You
                  | found it on level 4 of the Dungeon)
  3347 | D:4      | Killed from afar by an orc priest

Skill      XL: |  1  2  3  4  5 |
---------------+----------------+-----
Conjurations   | 2 3 4 |  4.8
Fire Magic     | 4 5 |  5.9
Dodging        | |  2.4
Stealth        | |  2.4
Spellcasting   | |  3.0

Action                   |  1- 3 |  4- 6 || total
-------------------------+-------+-------++-------
Melee: Unarmed           |     1 |    37 ||    38
       Trident           |       |    73 ||    73
       Flail             |       |     5 ||     5
 Cast: Flame Tongue      |    56 |    67 ||   123
  Use: Scroll            |     5 |     5 ||    10
       Potion            |       |     2 ||     2
 Stab: Sleeping          |       |     7 ||     7
  Eat: Chunk             |       |     7 ||     7
Armor: Robe              |     6 |    26 ||    32
Dodge: Dodged            |    24 |    74 ||    98
